 Dungeon Crawl Stone Soup version 0.17-a0-2002-g92c7e20 (webtiles) character file.

1533192 nubinia the Eclecticist (level 27, 201/201 HPs)
             Began as a Demonspawn Fire Elementalist on Oct 2, 2015.
             Was the Champion of Ashenzari.
             Escaped with the Orb
             ... and 3 runes on Oct 8, 2015!
             The game lasted 12:02:57 (88803 turns).

nubinia the Eclecticist (DsFE)                     Turns: 88803, Time: 12:02:57

Health: 201/201    AC: 38    Str: 11 (12) XL:     27
Magic:  67/67      EV: 36    Int: 18 (19) God:    Ashenzari [******]
Gold:   3347       SH: 16    Dex: 17      Spells: 15 memorised, 15 levels left

rFire  + + +     SeeInvis +     B - +9 flail (protect) (curse)
rCold  + . .     Clarity  +     R - +5 ring mail "Axzukk" {rN+ Str+3} (curse)
rNeg   + + .     SustAt   .     b - +1 shield of Kleptomania {rPois rF++ rC- Stlth+} (curse)
rPois  +         Gourm    .     S - +2 helmet "Detzegh" {rPois Dex+3 Slay+2} (curse)
rElec  +         Spirit   .     W - +2 cloak of Starlight {rElec rC+ EV+4 Stlth--} (curse)
rCorr  .         Warding  +     t - +3 pair of gauntlets of War {Slay+5} (curse)
rMut   .         Rnd*Tele +     (boots unavailable)
MR     ++...                    u - macabre finger necklace {Ward rN+} (curse)
Stlth  +++.......               Y - ring of magical power (curse)
                                f - ring of Shaolin {EV+8} (curse)
                                U - ring "Peturen" {rPois MP+9 AC+2 Dex+2 Slay-5} (curse)

@: studying Polearms, very resistant to hostile enchantments, fairly stealthy
A: hooves 3, iridescent scales 3, berserk 2, blink, blurry vision 3, clumsy 2,
cold resistance 1, deformed body, deterioration 1, dopey 2, fire resistance 2,
foul stench 2, high mp 1, nightstalker 3, passive freeze, screaming 1, spit
poison 1, teleportitis 1, weak 2, no device heal 1, rot immunity, freezing cloud
immunity, MP-powered wands
a: Spit Poison, Blink, Scrying, Transfer Knowledge, Renounce Religion
0: Orb of Zot
}: 3/15 runes: decaying, serpentine, silver


You escaped.
You worshipped Ashenzari.
Ashenzari was exalted by your worship.
You were not hungry.

You visited 11 branches of the dungeon, and saw 57 of its levels.
You visited 1 bazaar.
You also visited: Ossuary and Wizlab.

You collected 9847 gold pieces.
You spent 6500 gold pieces at shops.

Inventory:

Hand Weapons
 B - a cursed +9 flail of protection (weapon)
Armour
 b - the cursed +1 shield of Kleptomania (worn) {rPois rF++ rC- Stlth+}
   (You acquired it on level 3 of the Orcish Mines)

   It greatly protects you from fire.
   It makes you vulnerable to cold.
   It protects you from poison.
   It makes you more stealthy.
   It has a curse placed upon it.
 t - the cursed +3 pair of gauntlets of War (worn) {Slay+5}
   (You bought it in a shop on level 2 of the Elven Halls)

   It affects your accuracy and damage with ranged weapons and melee attacks
   (+5).
   It has a curse placed upon it.
 R - the cursed +5 ring mail "Axzukk" (worn) {rN+ Str+3}
   (You bought it in a shop on level 3 of the Vaults)

   It affects your strength (+3).
   It protects you from negative energy.
   It has a curse placed upon it.
 S - the cursed +2 helmet "Detzegh" (worn) {rPois Dex+3 Slay+2}
   (You bought it in a shop on level 2 of the Elven Halls)

   It affects your dexterity (+3).
   It affects your accuracy and damage with ranged weapons and melee attacks
   (+2).
   It protects you from poison.
   It has a curse placed upon it.
 W - the cursed +2 cloak of Starlight (worn) {rElec rC+ EV+4 Stlth--}
   (You found it on level 5 of the Vaults)

   It affects your evasion (+4).
   It protects you from cold.
   It insulates you from electricity.
   It makes you much less stealthy.
   It has a curse placed upon it.
Jewellery
 f - the cursed ring of Shaolin (left hand) {EV+8}
   (You bought it in a shop on level 2 of the Snake Pit)

   [ring of evasion]

   It affects your evasion (+8).
   It has a curse placed upon it.
 u - the cursed macabre finger necklace (around neck) {Ward rN+}
   (You bought it in a shop on level 5 of the Depths)

   [amulet of warding]

   It may prevent the melee attacks of summoned creatures.
   It protects you from negative energy.
   It has a curse placed upon it.
 U - the cursed ring "Peturen" (on amulet) {rPois MP+9 AC+2 Dex+2 Slay-5}
   (You found it on level 2 of the Depths)

   [ring of protection]

   It affects your AC (+2).
   It affects your dexterity (+2).
   It affects your accuracy and damage with ranged weapons and melee attacks
   (-5).
   It protects you from poison.
   It affects your magic capacity (+9).
   It has a curse placed upon it.
 Y - a cursed ring of magical power (right hand)
Wands
 o - a wand of fireball (7)
 q - a wand of lightning (6)
 y - a wand of fire (5)
 D - a wand of digging (0)
 E - a wand of teleportation (4)
 G - a wand of draining (9)
 I - a wand of lightning (10)
 J - a wand of enslavement (8)
 L - a wand of fire (7)
 V - a wand of cold (6)
 Z - a wand of disintegration (11)
Scrolls
 d - 43 scrolls of identify
 g - 13 scrolls of teleportation
 m - 7 scrolls of curse armour
 p - 2 scrolls of fog
 w - 7 scrolls of blinking
 x - 10 scrolls of fear
 A - a scroll of silence
 F - 6 scrolls of remove curse
 H - 13 scrolls of curse weapon
 O - 7 scrolls of summoning
 Q - 9 scrolls of recharging
Potions
 a - 4 potions of resistance
 e - 23 potions of curing
 i - 7 potions of cancellation
 s - 10 potions of brilliance
 z - a potion of agility
 C - 16 potions of flight
 K - a potion of cure mutation
 M - a potion of haste
 P - 5 potions of heal wounds
 T - a potion of magic
Books
 r - a manual of Polearms
Miscellaneous
 j - a phial of floods
 v - a fan of gales
 X - a lamp of fire
Comestibles
 c - 25 bread rations
 h - 8 meat rations


   Skills:
 + Level 13.4 Fighting
 + Level 14.9(18.9) Maces & Flails
 * Level 11.5(15.7) Armour
 + Level 17.0(20.8) Dodging
 + Level 14.0 Stealth
 + Level 16.3(18.8) Shields
 + Level 17.9 Spellcasting
 * Level 16.8(20.6) Conjurations
 + Level 6.4(10.9) Charms
 + Level 17.7(21.4) Necromancy
 * Level 8.9(13.3) Translocations
 + Level 12.3(16.4) Fire Magic
 + Level 0.8(3.1) Air Magic
 + Level 3.4(7.4) Evocations


You had 15 spell levels left.
You knew the following spells:

 Your Spells              Type           Power        Failure   Level  Hunger
a - Flame Tongue          Conj/Fire      #####        0%          1    None
b - Sticky Flame          Conj/Fire      ######..     1%          4    None
c - Conjure Flame         Conj/Fire      ######..     0%          3    None
d - Bolt of Draining      Conj/Necr      #######...   1%          5    ###....
e - Iskenderun's Mystic   Conj           ######..     0%          4    None
f - Vampiric Draining     Necr           #######...   0%          3    None
g - Shroud of Golubria    Chrm/Tloc      ######....   1%          2    None
h - Repel Missiles        Chrm/Air       #####.       1%          2    None
i - Fireball              Conj/Fire      ######....   1%          5    ###....
j - Apportation           Tloc           ######....   1%          1    None
k - Force Lance           Conj/Tloc      ######..     1%          4    None
r - Regeneration          Chrm/Necr      ######....   1%          3    None
C - Control Undead        Necr           #######...   0%          4    None
D - Animate Dead          Necr           N/A          0%          4    None
S - Animate Skeleton      Necr           N/A          0%          1    None


Dungeon Overview and Level Annotations

Branches:
Dungeon (15/15)            Temple (1/1) D:5            Lair (8/8) D:8
  Swamp (4/4) Lair:5        Snake (4/4) Lair:3        Slime (0/6) Lair:8
    Orc (4/4) D:10            Elf (3/3) Orc:4        Vaults (5/5) D:14
  Crypt (3/3) Vaults:2       Tomb (0/3) Crypt:3      Depths (5/5) D:15
    Zot (5/5) Depths:5

Altars:
Ashenzari
Cheibriados
Dithmenos
Elyvilon
Fedhas
Gozag
Kikubaaqudgha
Makhleb
Nemelex Xobeh
Okawaru
Qazlal
Ru
Sif Muna
Trog
Vehumet
Xom
Yredelemnul
Zin
The Shining One
Beogh
Jiyva

Shops:
D:11 :   Orc:4 =:**   Elf:2 [[[!   Snake:2 =   Snake:3 =   Vaults:3 [
Vaults:4 [   Vaults:5 [   Depths:1 :   Depths:5 =

Portals:
Hell: Depths:1 Depths:2 Depths:3 Depths:4 Depths:5
Abyss: Depths:4
Pandemonium: Depths:1 Depths:3
Ziggurat: Depths:1

Annotations:
Snake:4 exclusion: Roxanne, Roxanne
Zot:3 8 runed doors


Innate Abilities, Weirdness & Mutations

You have hooves in place of feet.
You are completely covered in iridescent scales (AC +8).
Your flesh is cold resistant.
You frequently emit foul miasma when damaged in melee.
You are completely attuned to the shadows.
A frigid envelope surrounds you and freezes all who hurt you.
You are immune to rotting.
You are immune to freezing clouds.
You often lose your temper in combat.
You can translocate small distances at will.
Scrolls take you much longer to read.
You are very clumsy. (Dex -4)
Armour fits poorly on your strangely shaped body.
Your body sometimes deteriorates upon taking damage.
You are very dopey. (Int -4)
Your flesh is very heat resistant.
You have an increased reservoir of magic (+10% MP).
You occasionally shout uncontrollably at your foes.
You can spit weak poison.
You are occasionally teleported to nearby monsters.
You are very weak. (Str -4)
Potions and wands are less effective at restoring your health.
You expend magic power (3 MP) to strengthen your wands.


Message History

You climb upwards.
There is a stone staircase leading down here.
Your shroud begins to fray at the edges.
Your shroud unravels.
You see here 2 stones.
There is a stone staircase leading up here.
You see here a stone.
You climb upwards.
There is a stone staircase leading down here.
There is an escape hatch in the ceiling here.
A mysterious force pulls you upwards. The hatch slams shut behind you.
You see here 19 stones.
There is a staircase leading out of the dungeon here.
(D) Dungeon (T) Temple (L) Lair (S) Swamp (P) Snake Pit (M) Slime Pits (O) Orcish Mines (E) Elven Halls (V) Vaults (C) Crypt (W) Tomb (U) Depths (H) Hell (Z) Zot
Where to? (Enter - D:1 @ (x,y), ? - help) You're already here!
You have escaped!

......##..........#......##..#...
#######.#......#.#......#.##.....
#..#......#......#..#.....#
#...#....#.#....#...#.....# ###
#....#..#...#..#....#......
..#####.....##.....##.....#.....#
.....>#.....#...#...#.....#..#..#
..###.#..#.#...#.....#..........#
### #.....#...#.@...#.#...##.#...
###..#[#...#...#...#..#......
#.#...#...#.#.#.....#......
#....#.#...#...#....##.....
#...#...#...#...#...#......
#..#.....#.......#..#.#....
#.#.......#.......#.#...#..
####.................##.....#
#####.##########.##########....##


There were no monsters in sight!

Vanquished Creatures
  An orb of fire (Zot:5)
  2 juggernauts
  6 ancient liches
  The ghost of Noname the Acrobat, a legendary SpEE of Ashenzari (Zot:5)
  Saint Roka (Vaults:3)
  Vashnia (Snake:4)
  The ghost of emiel the Shatterer, a veteran OgWz of Cheibriados (Vaults:5)
  2 Killer Klowns
  A caustic shrike (Depths:4)
  A curse toe (Zot:4)
  11 tentacled monstrosities
  5 golden dragons
  Nikola (Snake:2)
  the Enchantress (Depths:2)
  A bone dragon (Depths:5)
  2 electric golems
  The ghost of Uberwunderbarhen the Spry, an experienced OpFi of Cheibriados (Vaults:1)
  A shard shrike skeleton (Crypt:2)
  8 liches
  Asterion (Vaults:3)
  8 Orb Guardians
  8 titans
  3 deep elf blademasters
  2 deep elf master archers (Elf:3)
  A quicksilver dragon (Vaults:5)
  5 sphinxes
  12 death cobs
  4 ancient champions
  8 shadow dragons
  Agnes (Vaults:3)
  A thorn hunter (Swamp:3)
  8 storm dragons
  A draconian monk (Zot:3)
  8 tengu reavers
  A revenant (Crypt:2)
  10 frost giants
  Wiglaf (Vaults:3)
  13 fire giants
  The ghost of derrpe the Earth Mage, a journeyman DDEE of Makhleb (Swamp:2)
  4 iron dragons
  7 greater nagas
  Maud (Lair:7)
  2 draconian scorchers
  18 vault wardens
  Aizul (Swamp:2)
  7 deep elf sorcerers
  2 orc warlords
  2 draconian knights
  2 curse skulls (Crypt:3)
  3 ghost moths (Zot:4)
  2 draconian shifters
  17 ironheart preservers
  6 ghouls
  2 reapers (Crypt:3)
  22 stone giants
  4 spriggan defenders (Depths:2)
  3 draconian annihilators
  16 very ugly things
  2 draconian callers
  7 black draconians
  A war gargoyle (Vaults:4)
  8 vampire knights
  6 green draconians
  10 deep elf demonologists
  Azrael (Snake:2)
  8 red draconians
  7 yellow draconians
  10 deep elf annihilators
  A dire elephant (D:15)
  6 white draconians
  7 purple draconians
  4 mottled draconians
  7 deep elf death magi
  10 eidola
  A mummy priest (Crypt:3)
  11 ettins
  34 vault guards
  2 green deaths (Swamp:4)
  6 jiangshi
  18 fire dragons
  A rakshasa (Depths:3)
  8 deep elf high priests
  A death ooze (Swamp:4)
  5 great orbs of eyes
  16 ogre magi
  5 spriggan air magi
  7 entropy weavers
  Harold (D:11)
  10 yaktaur captains
  11 ice dragons
  21 naga warriors
  A monstrous demonspawn (Depths:3)
  A hell beast (Swamp:4)
  3 ghost crabs (Swamp:4)
  13 anacondas
  21 hydras
  Erica (Orc:1)
  5 alligators
  16 dancing weapons
  11 centaur warriors
  A juggernaut simulacrum (Depths:5)
  5 deep troll earth magi
  7 deep troll shamans
  A vampire mage (Crypt:2)
  10 shock serpents
  6 orc high priests
  7 tengu warriors
  2 titan zombies (Crypt:3)
  10 death yaks
  13 naga sharpshooters
  9 soul eaters
  Urug (D:10)
  19 deep elf knights
  A spriggan berserker (Depths:5)
  Sonja (D:14)
  An iron golem (WizLab)
  Nergalle (D:10)
  4 storm dragon zombies
  3 hell knights
  A titan skeleton (Crypt:3)
  2 unseen horrors (shapeshifter)
  A sun demon (Zot:1)
  2 unseen horrors
  8 skeletal warriors
  6 flayed ghosts
  A salamander mystic (Snake:4)
  4 iron trolls
  6 swamp dragons
  2 shadow wraiths
  An ice devil (D:13)
  4 naga ritualists
  5 sea snakes (Snake:4)
  18 deep trolls
  A fire crab (shapeshifter) (WizLab)
  2 wizards
  7 deep elf summoners
  16 ironbrand convokers
  A storm dragon skeleton (Vaults:4)
  2 swamp dragons (shapeshifter)
  A giant orange brain (shapeshifter) (WizLab)
  A hill giant (Vaults:1)
  An anaconda zombie (Crypt:3)
  A deep troll (shapeshifter) (Zot:4)
  A lindwurm (D:14)
  3 shambling mangroves
  9 harpies
  A hornet (shapeshifter) (WizLab)
  17 necromancers
  A shadow demon (Depths:3)
  An orb spider (shapeshifter) (WizLab)
  A golden dragon skeleton (Crypt:3)
  A shadow dragon zombie (Depths:1)
  4 giant orange brains
  12 deep elf conjurers
  17 phantasmal warriors
  A wolf spider zombie (Crypt:3)
  5 griffons
  2 harpies (shapeshifter)
  5 hornets
  A wolf spider (shapeshifter) (Vaults:4)
  2 mana vipers (shapeshifter) (WizLab)
  10 mana vipers
  7 salamanders
  18 orc knights
  30 ugly things
  A stone giant zombie (Crypt:3)
  A water nymph (shapeshifter) (Vaults:1)
  5 cyclopes
  6 orc sorcerers
  3 wolf spiders
  22 moths of wrath
  A salamander (shapeshifter) (WizLab)
  A manticore (D:15)
  A moth of wrath (shapeshifter) (WizLab)
  An octopode (shapeshifter) (WizLab)
  17 naga magi
  An elephant (shapeshifter) (Depths:3)
  8 elephants
  34 black mambas
  An iron dragon skeleton (Crypt:3)
  3 rust devils
  3 guardian serpents (shapeshifter) (WizLab)
  A spiny frog (shapeshifter) (WizLab)
  3 centaur skeletons
  2 gargoyles
  9 vault sentinels
  19 spiny frogs
  12 guardian serpents
  4 black mambas (shapeshifter)
  A dire elephant skeleton (Crypt:3)
  2 orange demons
  A torpor snail (Lair:8)
  6 komodo dragons
  A kobold demonologist (D:14)
  A death yak zombie (Crypt:2)
  A pale draconian zombie (Crypt:2)
  8 small abominations
  A redback zombie (D:15)
  10 hellwings (Crypt:3)
  A harpy zombie (Crypt:3)
  A queen bee (shapeshifter) (WizLab)
  12 freezing wraiths
  8 deep elf priests
  4 tengu conjurers
  A red devil (D:8)
  5 fire drakes
  8 jumping spiders
  A spriggan druid (Lair:8)
  3 two-headed ogres (shapeshifter) (WizLab)
  47 yaktaurs
  3 giant leeches
  A wind drake (shapeshifter) (WizLab)
  6 polar bears (Lair:8)
  4 trolls
  A polar bear (shapeshifter) (WizLab)
  A snapping turtle (shapeshifter) (Vaults:5)
  A troll (shapeshifter) (Elf:2)
  7 large abominations
  28 slime creatures
  12 bog bodies
  23 two-headed ogres
  A frost giant simulacrum (Vaults:2)
  An ushabti (Crypt:3)
  10 blink frogs
  6 boulder beetles
  5 shadows
  A centaur simulacrum (D:14)
  An ice dragon zombie (Crypt:3)
  A raiju (shapeshifter) (Depths:3)
  4 flying skulls (Crypt:1)
  An ice dragon skeleton (Crypt:3)
  20 redbacks
  A fire dragon skeleton (Crypt:3)
  A satyr skeleton (Crypt:1)
  24 deep elf magi
  11 spriggans
  A tarantella (shapeshifter) (Depths:5)
  4 wyverns (Lair:5)
  3 basilisks (shapeshifter)
  5 tarantellas
  A vampire (Crypt:1)
  2 humans (shapeshifter)
  A steam dragon (D:14)
  A yak (shapeshifter) (Zot:4)
  6 air elementals
  36 yaks
  4 hungry ghosts
  6 wraiths
  6 basilisks
  8 fire elementals
  2 golden eyes (shapeshifter)
  A chaos spawn (Depths:3)
  2 neqoxecs
  2 mottled dragons
  32 vampire mosquitoes
  An elf simulacrum (Depths:5)
  A mottled dragon (shapeshifter) (Vaults:2)
  2 hippogriffs (shapeshifter)
  8 hippogriffs
  5 wargs
  23 deep elf fighters
  59 nagas
  A water nymph zombie (Crypt:1)
  Edmund (D:4)
  9 wolves
  6 insubstantial wisps
  A soldier ant (D:12)
  16 water moccasins
  A tengu skeleton (Depths:1)
  17 porcupines
  17 swamp worms
  A hell hound (Snake:2)
  3 spiny frog skeletons
  6 swamp drakes
  A human zombie (Vaults:4)
  4 phantoms
  2 black bears (shapeshifter) (WizLab)
  An infernal demonspawn skeleton (Crypt:2)
  3 spiders (Crypt:3)
  5 black bears
  15 wasps
  2 eyes of draining
  3 ice beasts
  A sky beast (D:12)
  12 centaurs
  A centaur (shapeshifter) (Depths:5)
  2 necrophages
  67 orc warriors
  63 ogres
  4 boggarts (Depths:3)
  A big kobold (shapeshifter) (Elf:1)
  4 brain worms (D:11)
  A brain worm (shapeshifter) (Vaults:4)
  11 crocodiles
  3 elf zombies
  20 giant frogs
  6 wyvern skeletons
  A water moccasin zombie (D:10)
  4 scorpions
  A glowing shapeshifter simulacrum (Vaults:1)
  A raiju zombie (Crypt:1)
  A hippogriff zombie (Crypt:2)
  A water moccasin skeleton (D:13)
  A killer bee (shapeshifter) (Depths:5)
  13 killer bees
  16 wights
  6 electric eels
  4 jellies
  11 crimson imps
  4 quasits
  A centaur zombie (Ossuary)
  9 hounds
  A soldier ant zombie (Crypt:1)
  2 giant frog skeletons
  47 orc wizards
  Crazy Yiuf (D:4)
  44 orc priests
  2 giant frog zombies
  7 worker ants
  17 iguanas
  A human skeleton (Crypt:3)
  A two-headed ogre skeleton (Crypt:1)
  3 hell rats (Lair:6)
  2 killer bee zombies
  3 sheep
  A big kobold zombie (Ossuary)
  2 hound zombies
  A crocodile skeleton (Crypt:1)
  2 hound skeletons
  A worker ant zombie (D:6)
  A demigod skeleton (Crypt:1)
  5 mummies
  19 adders
  3 gnolls (D:4)
  33 river rats
  10 shadow imps
  4 giant eyeballs (WizLab)
  A white imp (Depths:3)
  3 oozes
  4 worms
  3 adder skeletons
  4 adder zombies
  7 giant geckos
  208 orcs
  3 giant cockroaches
  4 gnoll zombies (Ossuary)
  7 hobgoblins
  8 quokkas
  A ball python (D:3)
  12 bats
  A giant gecko skeleton (D:5)
  A giant gecko zombie (D:7)
  9 giant newts
  7 goblins
  3 goblin zombies (Ossuary)
  2 hobgoblin zombies (Ossuary)
  5 jackals
  A jackal skeleton (D:4)
  3 jackal zombies
  6 kobolds
  A kobold skeleton (Crypt:1)
  8 kobold zombies (Ossuary)
  5 quokka zombies (Ossuary)
  10 rats
  4 rat zombies (Ossuary)
  A crawling corpse (Vaults:5)
  A fungus (D:4)
  A lost soul (Crypt:2)
  4 plants (Crypt:3)
2551 creatures vanquished.

Vanquished Creatures (collateral kills)
  2 ancient liches (Zot:5)
  A curse toe (Zot:4)
  3 golden dragons
  Jory (Depths:5)
  2 tentacled monstrosities (Zot:5)
  2 titans
  2 Orb Guardians (Zot:5)
  A death cob (Zot:2)
  Gastronok (Lair:2)
  2 shadow dragons (Vaults:4)
  Kirke (Swamp:3)
  A storm dragon (Depths:2)
  4 greater nagas (Snake:4)
  A tengu reaver (Vaults:5)
  A frost giant (Depths:5)
  4 fire giants
  2 draconian knights
  2 vault wardens
  A curse skull (Crypt:2)
  A draconian zealot (Zot:5)
  A war gargoyle (Vaults:4)
  2 ghouls (Crypt:3)
  A reaper (Crypt:3)
  An ironheart preserver (Vaults:3)
  3 stone giants
  6 very ugly things
  3 vampire knights
  A green draconian (Zot:4)
  2 deep elf annihilators (Elf:3)
  A black draconian (Zot:4)
  2 mottled draconians
  A yellow draconian (Zot:5)
  A white draconian (Zot:4)
  2 red draconians
  3 purple draconians (Zot:4)
  5 ettins
  Snorg (Lair:5)
  3 eidola (Crypt:3)
  3 vault guards
  A deep elf high priest (Elf:1)
  7 fire dragons
  6 yaktaur captains
  2 jiangshi
  4 hydras
  2 great orbs of eyes
  6 ogre magi
  2 ice dragons
  5 naga warriors
  A caustic shrike simulacrum (Depths:5)
  An entropy weaver (Depths:4)
  A hell beast (Swamp:4)
  A ghost crab (shapeshifter) (Vaults:4)
  3 alligators
  A death knight (Crypt:1)
  A ghost crab (Swamp:4)
  A centaur warrior (Depths:1)
  A shock serpent (Snake:1)
  A death yak (Lair:8)
  6 naga sharpshooters (Snake:4)
  A spriggan berserker (Depths:2)
  A vampire mage (Crypt:2)
  A thrashing horror (Swamp:4)
  4 hell knights
  A deep elf knight (Elf:2)
  A fire crab (Lair:7)
  2 skeletal warriors (Crypt:1)
  2 flayed ghosts
  An iron troll (Depths:3)
  3 sea snakes (Snake:4)
  A giant orange brain (Depths:4)
  A spriggan druid (Swamp:2)
  A hill giant (Vaults:1)
  An ironbrand convoker (Vaults:4)
  4 phantasmal warriors
  A deep elf summoner (Elf:1)
  A swamp dragon (Swamp:3)
  3 necromancers (Depths:5)
  3 orc knights
  A griffon (Vaults:3)
  A harpy (Vaults:2)
  4 ugly things
  3 deep elf conjurers
  2 frost giant zombies (Crypt:3)
  A fire giant zombie (Crypt:2)
  4 salamanders
  A moth of wrath (Zot:4)
  A stone giant zombie (Crypt:3)
  5 orc sorcerers
  A mana viper (Snake:4)
  A dire elephant zombie (Crypt:3)
  A fire giant skeleton (Crypt:3)
  An elephant (Lair:8)
  A guardian serpent (Snake:4)
  2 vault sentinels
  A guardian serpent (shapeshifter) (Depths:2)
  3 spiny frogs
  7 black mambas
  5 naga magi
  A komodo dragon (Lair:2)
  4 yaktaurs
  A jumping spider (shapeshifter) (Depths:2)
  2 hellwings (Crypt:3)
  A freezing wraith (Crypt:3)
  5 polar bears
  A queen ant zombie (Crypt:1)
  A hydra zombie (Crypt:2)
  A jumping spider (Depths:2)
  7 two-headed ogres
  A fire dragon zombie (Crypt:3)
  8 slime creatures
  5 bog bodies
  An ice dragon zombie (Crypt:3)
  A hydra skeleton (Crypt:3)
  A boulder beetle (Vaults:3)
  An ettin zombie (Depths:1)
  A vampire (Crypt:1)
  An air elemental (Depths:3)
  4 giant leeches
  4 blink frogs
  An ettin skeleton (Crypt:2)
  A spriggan (Lair:8)
  3 deep elf magi (Elf:2)
  A water elemental (Depths:5)
  A redback (Depths:5)
  A hippogriff (Lair:7)
  A black mamba skeleton (Crypt:2)
  9 yaks
  A basilisk (Lair:3)
  3 deep elf fighters
  A fire elemental (Depths:5)
  3 hogs (Swamp:3)
  21 nagas
  A steam dragon (Lair:5)
  7 swamp worms
  3 insubstantial wisps
  3 porcupines
  A mottled dragon (Vaults:2)
  29 vampire mosquitoes
  6 wolves (Lair:8)
  4 water moccasins
  A warg (Vaults:5)
  A phantom (D:9)
  A spiny frog zombie (Crypt:3)
  An ice beast (D:12)
  2 wasps (Swamp:4)
  3 swamp drakes
  A swamp dragon zombie (Crypt:3)
  A necrophage (Crypt:2)
  12 ogres
  5 orc warriors
  A black bear (Lair:8)
  An elf zombie (Crypt:3)
  4 crocodiles
  6 giant frogs
  A human skeleton (Vaults:4)
  A scorpion (D:10)
  An orc priest (Orc:2)
  3 orc wizards
  2 hell rats (Lair:6)
  A worker ant (D:10)
  An iguana (Lair:6)
  3 sheep
  2 adders
  8 river rats
  An ufetubus (Depths:3)
  26 orcs
  A jackal (D:9)
  A goblin (shapeshifter) (Vaults:5)
  2 crawling corpses (Elf:3)
  A plant (Lair:3)
457 creatures vanquished.

Vanquished Creatures (others)
  A tengu reaver (Vaults:5)
  A shadow dragon (Zot:4)
  A draconian scorcher (Zot:3)
  An ironheart preserver (Vaults:5)
  2 mottled draconians
  A deep elf high priest (Elf:3)
  A rakshasa (Depths:3)
  A naga sharpshooter (Snake:4)
  3 deep elf knights
  A swamp dragon (Swamp:2)
  An orc knight (Vaults:5)
  An ugly thing (Swamp:4)
  A black mamba (Lair:7)
  A moth of wrath (Zot:5)
  An orange demon (Swamp:4)
  2 two-headed ogres (Vaults:5)
  A blink frog (shapeshifter) (Depths:5)
  A spriggan (Depths:3)
  A deep elf fighter (Elf:3)
  A swamp worm (Swamp:4)
  2 ogres
  A wasp (Depths:3)
  2 orc wizards
  A river rat (Lair:8)
  An orc (Vaults:5)
  A crawling corpse (Vaults:5)
  25 fungi
  5 lost souls
  25 plants
87 creatures vanquished.

Grand Total: 3095 creatures vanquished

Notes
Turn   | Place    | Note
--------------------------------------------------------------
     0 | D:1      | nubinia the Demonspawn Fire Elementalist began the quest for the Orb.
     0 | D:1      | Reached XP level 1. HP: 13/13 MP: 3/3
   113 | D:1      | Reached skill level 3 in Fire Magic
   251 | D:1      | Gained mutation: You are partially covered in iridescent scales (AC +4). [demonic ancestry]
   251 | D:1      | Reached XP level 2. HP: 19/19 MP: 1/5
   255 | D:1      | Learned a level 2 spell: Throw Flame
   691 | D:2      | Reached XP level 3. HP: 13/24 MP: 0/6
  1536 | D:2      | Gained mutation: You are mostly covered in iridescent scales (AC +6). [demonic ancestry]
  1536 | D:2      | Reached XP level 4. HP: 30/30 MP: 3/7
  2221 | D:3      | Found a white marble altar of Elyvilon.
  2808 | D:4      | Reached XP level 5. HP: 35/35 MP: 3/9
  2826 | D:4      | Found a sand-covered staircase.
  2860 | Ossuary  | Entered an ossuary
  2985 | Ossuary  | Reached skill level 1 in Short Blades
  3032 | Ossuary  | Reached skill level 1 in Fighting
  3326 | Ossuary  | Gained mutation: You are completely covered in iridescent scales (AC +8). [demonic ancestry]
  3326 | Ossuary  | Reached XP level 6. HP: 26/43 MP: 7/10
  3333 | Ossuary  | Learned a level 3 spell: Conjure Flame
  4292 | D:4      | Found a shattered altar of Ashenzari.
  4331 | D:4      | Became a worshipper of Ashenzari the Shackled
  4440 | D:4      | Noticed Edmund
  4516 | D:4      | Gained mutation: You are slightly more attuned to the shadows. [demonic ancestry]
  4516 | D:4      | Reached XP level 7. HP: 46/49 MP: 3/12
  5216 | D:4      | Noticed an ogre
  5234 | D:4      | Killed an ogre
  5234 | D:4      | Reached skill level 4 in Fire Magic
  5384 | D:5      | Entered Level 5 of the Dungeon
  5713 | D:5      | Found a staircase to the Ecumenical Temple.
  5763 | Temple   | Entered the Ecumenical Temple
  5933 | D:5      | Found a bloodstained altar of Trog.
  5992 | D:5      | Acquired Ashenzari's first power
  6073 | D:5      | Found a shadowy altar of Dithmenos.
  6658 | D:5      | Learned a level 4 spell: Sticky Flame
  6730 | D:6      | Found a sparkling altar of Nemelex Xobeh.
  6928 | D:6      | Reached XP level 8. HP: 56/56 MP: 14/14
  7328 | D:6      | Found a radiant altar of Vehumet.
  7800 | D:4      | Noticed Crazy Yiuf
  7806 | D:4      | Killed Crazy Yiuf
  7966 | D:4      | Killed Edmund
  7966 | D:4      | Reached skill level 5 in Fire Magic
  8029 | D:7      | Identified the +5 plate armour "Pappou Jeut" {*Drain +Blink rPois Stlth+}
  8046 | D:6      | Reached skill level 5 in Spellcasting
  8215 | D:7      | Found an opulent altar of Gozag.
  8277 | D:7      | Gained mutation: You are immune to rotting. [demonic ancestry]
  8277 | D:7      | Reached XP level 9. HP: 39/62 MP: 2/16
  8525 | D:7      | Reached skill level 5 in Dodging
  9076 | D:7      | Acquired Ashenzari's second power
  9245 | D:7      | Identified the cursed +0 scale mail "Uduyhaq" {Slay+3}
  9274 | D:8      | Found a basalt altar of Yredelemnul.
  9419 | D:8      | Reached skill level 5 in Stealth
  9450 | D:8      | Found an iron altar of Okawaru.
  9462 | D:8      | Reached skill level 5 in Conjurations
  9678 | D:8      | Reached skill level 6 in Spellcasting
 10025 | D:8      | Found a staircase to the Lair.
 10110 | D:8      | Found a sacrificial altar of Ru.
 10357 | D:8      | Found an ancient bone altar of Kikubaaqudgha.
 10409 | D:9      | Learned a level 4 spell: Iskenderun's Mystic Blast
 10457 | D:9      | Acquired Ashenzari's third power
 10529 | D:9      | Gained mutation: You are significantly more attuned to the shadows. [demonic ancestry]
 10529 | D:9      | Reached XP level 10. HP: 66/70 MP: 19/19
 10717 | D:9      | Learned a level 1 spell: Animate Skeleton
 10827 | D:9      | Reached skill level 1 in Necromancy
 10925 | D:9      | Reached skill level 7 in Spellcasting
 10925 | D:9      | Reached skill level 5 in Necromancy
 10925 | D:9      | Reached XP level 11. HP: 74/78 MP: 19/21
 10931 | D:9      | Learned a level 4 spell: Animate Dead
 10935 | D:9      | Learned a level 3 spell: Regeneration
 11384 | Lair:1   | Entered Level 1 of the Lair of Beasts
 11549 | Lair:1   | Reached skill level 1 in Charms
 12230 | Lair:1   | Acquired Ashenzari's fourth power
 12596 | Lair:2   | Noticed a five-headed hydra
 12724 | Lair:2   | Noticed Gastronok
 12768 | Lair:2   | Killed a five-headed hydra
 12873 | Lair:2   | Noticed a seven-headed hydra
 12878 | Lair:2   | Killed a seven-headed hydra
 12964 | Lair:2   | Killed Gastronok
 12964 | Lair:2   | Reached skill level 8 in Spellcasting
 12964 | Lair:2   | Gained mutation: You have large cloven feet. [demonic ancestry]
 12964 | Lair:2   | Reached XP level 12. HP: 70/85 MP: 6/24
 12969 | Lair:2   | Learned a level 3 spell: Vampiric Draining
 13482 | Lair:3   | Reached skill level 5 in Fighting
 13504 | Lair:3   | Found a staircase to the Snake Pit.
 13555 | Lair:3   | Noticed a four-headed hydra
 13568 | Lair:3   | Killed a five-headed hydra
 14604 | Lair:4   | Noticed a four-headed hydra
 14615 | Lair:4   | Killed a four-headed hydra
 14800 | Lair:4   | Noticed an eight-headed hydra
 14805 | Lair:4   | Killed an eight-headed hydra
 14858 | Lair:4   | Learned a level 2 spell: Shroud of Golubria
 15340 | Lair:5   | Reached skill level 1 in Translocations
 15427 | Lair:5   | Acquired Ashenzari's fifth power
 15444 | Lair:5   | Reached skill level 9 in Spellcasting
 15461 | Lair:5   | Gained mutation: Your flesh is cold resistant. [demonic ancestry]
 15461 | Lair:5   | Reached XP level 13. HP: 91/91 MP: 21/26
 15730 | Lair:5   | Noticed a seven-headed hydra
 16033 | Lair:5   | Killed a seven-headed hydra
 16435 | Lair:5   | Noticed an ice dragon
 16453 | Lair:5   | Killed an ice dragon
 16641 | Lair:5   | Noticed Snorg
 16650 | Lair:5   | Killed Snorg
 16651 | Lair:5   | Noticed an eight-headed hydra
 16657 | Lair:5   | Killed an eight-headed hydra
 16750 | Lair:5   | Found a staircase to the Swamp.
 18167 | Lair:7   | Reached skill level 10 in Spellcasting
 18336 | Lair:7   | Noticed Maud
 18875 | Lair:7   | Killed Maud
 19054 | Lair:8   | Entered Level 8 of the Lair of Beasts
 19322 | Lair:8   | Found a staircase to the Slime Pits.
 19571 | Lair:8   | Gained mutation: You are immune to freezing clouds. [demonic ancestry]
 19571 | Lair:8   | Reached XP level 14. HP: 89/99 MP: 6/28
 19636 | Lair:7   | Upgraded the game from 0.17-a0-1951-g62301d3 to 0.17-a0-1954-g0dddeaa
 20914 | D:10     | Entered Level 10 of the Dungeon
 20943 | D:10     | Noticed Nergalle
 20974 | D:10     | Killed Nergalle
 20974 | D:10     | Reached skill level 1 in Maces & Flails
 20992 | D:10     | Noticed Urug
 21013 | D:10     | Killed Urug
 21210 | D:10     | Found a staircase to the Orcish Mines.
 21219 | D:10     | Your ally Urug died
 21682 | Orc:1    | Entered Level 1 of the Orcish Mines
 21712 | Orc:1    | Noticed Erica
 21723 | Orc:1    | Killed Erica
 21723 | Orc:1    | Reduced skill Short Blades to level 1
 22181 | Orc:1    | Found a roughly hewn altar of Beogh.
 22539 | Orc:2    | Reached skill level 10 in Stealth
 22664 | Orc:2    | Found a roughly hewn altar of Beogh.
 23709 | Orc:3    | Noticed an orc warlord
 23750 | Orc:3    | Killed an orc warlord
 24605 | Orc:3    | Reached skill level 5 in Charms
 24703 | Orc:3    | Reached skill level 5 in Maces & Flails
 24905 | Orc:3    | Identified a scroll of acquirement
 24906 | Orc:3    | Got the cursed shield of Kleptomania {rPois rF++ rC- Stlth+}
 24912 | Orc:3    | Identified the cursed +1 shield of Kleptomania {rPois rF++ rC- Stlth+} (You acquired it on level 3 of the Orcish Mines)
 25017 | Orc:3    | Found a roughly hewn altar of Beogh.
 25024 | Orc:3    | Reached skill level 11 in Spellcasting
 25530 | Lair:4   | Learned a level 5 spell: Fireball
 25884 | Orc:4    | Entered Level 4 of the Orcish Mines
 26136 | Orc:4    | Reached skill level 1 in Shields
 26328 | Orc:4    | Paralysed by an orc sorcerer for 5 turns
 26486 | Orc:4    | Found a staircase to the Elven Halls.
 26743 | Orc:4    | Reached skill level 10 in Dodging
 27015 | Orc:4    | Paralysed by an orc sorcerer for 3 turns
 27211 | Orc:4    | Found Sim Hate's Assorted Antiques.
 27249 | Orc:4    | Found Doduqifo's General Store.
 27259 | Orc:4    | Found Qautto's Book Emporium.
 27261 | Orc:4    | Found Zuthih's Jewellery Shop.
 27517 | Orc:4    | Bought an uncursed amulet of warding for 195 gold pieces
 27544 | Orc:4    | Bought a scroll of remove curse for 45 gold pieces
 28346 | Lair:8   | Reached XP level 15. HP: 67/106 MP: 27/30
 29364 | Elf:1    | Entered Level 1 of the Elven Halls
 30385 | Elf:1    | Identified the amulet "Kianaof" {Stasis Slay+3} (You took it off a deep elf demonologist on level 1 of the Elven Halls)
 30612 | Elf:1    | Identified Cucaff's Reference Book on Black Rituals and Moulding
 30618 | Elf:1    | Learned a level 4 spell: Control Undead
 30717 | Elf:2    | Found Byddanep's Armour Shoppe.
 30725 | Elf:2    | Found Xefitoth's Distillery.
 30783 | Elf:2    | Bought a potion of resistance for 160 gold pieces
 30953 | Elf:2    | Reached skill level 5 in Shields
 31045 | Elf:2    | Found Hufuseimm's Antique Armour Shoppe.
 31137 | Elf:2    | Found Uhuq's Antique Armour Shoppe.
 31164 | Elf:2    | Paralysed by an orc sorcerer for 7 turns
 31393 | Elf:2    | Found a runed gate.
 31393 | Elf:2    | Found a runed gate.
 31395 | Elf:2    | Found a runed gate.
 31998 | Snake:1  | Entered Level 1 of the Snake Pit
 32648 | Snake:1  | Reached skill level 12 in Spellcasting
 33084 | Snake:1  | Reached skill level 10 in Necromancy
 33212 | Snake:1  | Reached XP level 16. HP: 113/115 MP: 32/32
 33481 | Snake:1  | Upgraded the game from 0.17-a0-1954-g0dddeaa to 0.17-a0-1970-g7a13dd1
 33909 | Snake:2  | Noticed Azrael
 33919 | Snake:2  | Killed Azrael
 33940 | Snake:2  | Found Gacw's Jewellery Emporium.
 34084 | Snake:1  | Gained mutation: You tend to lose your temper in combat. [mutagenic meat]
 34085 | Snake:1  | Gained mutation: Your spells are a little harder to cast, but a little more powerful. [mutagenic meat]
 34086 | Snake:1  | Gained mutation: Your flesh is heat resistant. [mutagenic meat]
 34657 | Snake:2  | Noticed Nikola
 35294 | Snake:2  | Killed Nikola
 35557 | Snake:2  | Upgraded the game from 0.17-a0-1970-g7a13dd1 to 0.17-a0-1979-g1c74939
 35567 | Snake:2  | Your ally Nikola died
 36238 | Snake:3  | Learned a level 5 spell: Bolt of Draining
 36844 | Snake:3  | Found Veucuregg's Jewellery Shop.
 36884 | Snake:3  | Reached skill level 10 in Conjurations
 37203 | Swamp:1  | Entered Level 1 of the Swamp
 37996 | Swamp:2  | Noticed Aizul
 38002 | Swamp:2  | Noticed derrpe's ghost (journeyman DDEE)
 38235 | Swamp:2  | Identified Cujarran's Volume of Ice and Confrontation
 38315 | Swamp:2  | Killed Aizul
 38315 | Swamp:2  | Gained mutation: You have hoof-like feet. [demonic ancestry]
 38315 | Swamp:2  | Reached XP level 17. HP: 78/122 MP: 3/33
 38856 | Swamp:2  | Killed derrpe's ghost
 39470 | Swamp:3  | Reached skill level 13 in Spellcasting
 39479 | Swamp:3  | Noticed Kirke
 39491 | Swamp:3  | Killed Kirke
 40219 | Swamp:4  | Entered Level 4 of the Swamp
 41253 | Elf:2    | Bought the +3 pair of gauntlets of War {Slay+5} for 1615 gold pieces
 41253 | Elf:2    | Bought a runed cloak for 153 gold pieces
 41302 | Elf:2    | Bought the +2 helmet "Detzegh" {rPois Dex+3 Slay+2} for 808 gold pieces
 41457 | Elf:2    | Noticed a deep elf blademaster
 41839 | Elf:2    | Killed a deep elf blademaster
 44061 | Swamp:4  | Gained mutation: You have hooves in place of feet. [demonic ancestry]
 44061 | Swamp:4  | Reached XP level 18. HP: 101/129 MP: 5/35
 44140 | Swamp:4  | Got a decaying rune of Zot
 44238 | Swamp:4  | Gained mutation: You evolve. [potion of mutation]
 44238 | Swamp:4  | Gained mutation: You often lose your temper in combat. [potion of mutation]
 44605 | Snake:4  | Entered Level 4 of the Snake Pit
 45036 | Snake:4  | Noticed Vashnia
 45094 | Snake:4  | Reached skill level 10 in Shields
 45569 | Snake:4  | Reached skill level 14 in Spellcasting
 45613 | Snake:4  | Got a serpentine rune of Zot
 46479 | Snake:4  | Killed Vashnia
 46616 | Snake:4  | Noticed Roxanne
 47613 | D:11     | Found Jobrop's Book Boutique.
 47663 | D:11     | Noticed Harold
 47677 | D:11     | Killed Harold
 47841 | D:11     | Your ally Harold died
 48118 | D:12     | Gained mutation: A frigid envelope surrounds you and freezes all who hurt you. [demonic ancestry]
 48118 | D:12     | Reached XP level 19. HP: 136/138 MP: 37/37
 48319 | D:12     | Found a bloodstained altar of Trog.
 49191 | D:13     | Found a sacrificial altar of Ru.
 49777 | D:14     | Noticed Sonja
 49781 | D:14     | Killed Sonja
 49962 | D:14     | Found a gate to the Vaults.
 50196 | D:15     | Entered Level 15 of the Dungeon
 50787 | D:15     | Found a staircase to the Depths.
 51111 | Vaults:1 | Entered Level 1 of the Vaults
 51680 | Vaults:1 | Noticed Uberwunderbarhen's ghost (experienced OpFi)
 51699 | Vaults:1 | Reached skill level 10 in Maces & Flails
 51868 | Vaults:1 | Killed Uberwunderbarhen's ghost
 52405 | Vaults:1 | Lost mutation: You evolve. [end of evolution]
 53027 | Vaults:2 | Found a staircase to the Crypt.
 53027 | Vaults:2 | Found an ancient bone altar of Kikubaaqudgha.
 53028 | Vaults:2 | Found a basalt altar of Yredelemnul.
 53170 | Vaults:2 | Reached skill level 5 in Armour
 53254 | Vaults:2 | Gained mutation: You are completely attuned to the shadows. [demonic ancestry]
 53254 | Vaults:2 | Reached XP level 20. HP: 147/147 MP: 38/38
 53465 | Vaults:2 | Found a shadowy altar of Dithmenos.
 53941 | Vaults:2 | Reached skill level 10 in Fire Magic
 54559 | Vaults:3 | Found Qunluiv's Antique Armour Shoppe.
 54579 | Vaults:3 | Noticed Saint Roka
 54680 | Vaults:3 | Killed Saint Roka
 54680 | Vaults:3 | Reached skill level 10 in Fighting
 54837 | Vaults:3 | Reached skill level 15 in Spellcasting
 54838 | Vaults:3 | Noticed Agnes
 54840 | Vaults:3 | Noticed Wiglaf
 54850 | Vaults:3 | Killed Agnes
 54858 | Vaults:3 | Killed Wiglaf
 54906 | Vaults:3 | Your ally Agnes died
 54980 | Vaults:3 | Your ally Wiglaf died
 56066 | Vaults:3 | Noticed Asterion
 56149 | Vaults:3 | Killed Asterion
 56704 | Vaults:4 | Found Adwi's Antique Armour Emporium.
 56883 | Vaults:4 | Reached XP level 21. HP: 145/154 MP: 40/40
 58440 | Crypt:1  | Entered Level 1 of the Crypt
 58529 | Crypt:1  | Found a magical portal.
 58568 | WizLab   | Entered Cigotuvi's Fleshworks
 58799 | WizLab   | Identified the Compendium of Earthen Transformation
 58803 | WizLab   | Identified Cigotuvi's Guide on Unholy Magic
 59405 | Crypt:1  | Gained mutation: Your spells are harder to cast, but more powerful. [potion of beneficial mutation]
 59406 | Crypt:1  | Gained mutation: You have an increased reservoir of magic (+10% MP). [potion of beneficial mutation]
 59407 | Crypt:1  | Gained mutation: You can spit weak poison. [potion of beneficial mutation]
 59408 | Crypt:1  | Gained mutation: Your spells are much harder to cast, but much more powerful. [potion of beneficial mutation]
 59522 | Crypt:1  | Upgraded the game from 0.17-a0-1979-g1c74939 to 0.17-a0-1987-gaf5a542
 61222 | Crypt:3  | Entered Level 3 of the Crypt
 61776 | Crypt:3  | Gained mutation: You may emit foul miasma when damaged in melee. [demonic ancestry]
 61776 | Crypt:3  | Reached XP level 22. HP: 124/163 MP: 45/45
 62093 | Crypt:3  | Found a staircase to the Tomb.
 62234 | Crypt:3  | Found an ancient bone altar of Kikubaaqudgha.
 62466 | Crypt:3  | Identified the Almanac of Unholy Magic
 62486 | Crypt:3  | Identified the +6 scale mail "Qizynlo" {*Confuse rC++ MR+ rCorr}
 62487 | Crypt:3  | Identified the +4 longbow of Tuowkuy {venom, rF++}
 62488 | Crypt:3  | Identified the +5 short sword "Wuah" {flame, rElec rF+ Int+4}
 62488 | Crypt:3  | Identified the +1 quarterstaff "Necuud" {vamp, rPois rF+}
 62564 | Crypt:3  | Noticed an ancient lich
 63491 | Crypt:3  | Identified the cursed +2 glaive "Tedes" {antimagic, rF+ rC++ Str+4 Int+4}
 63626 | Crypt:3  | Killed an ancient lich
 63950 | Crypt:3  | Reached skill level 15 in Necromancy
 64267 | Vaults:3 | Bought a fine ring mail for 378 gold pieces
 64267 | Vaults:3 | Identified the +5 ring mail "Axzukk" {rN+ Str+3} (You bought it in a shop on level 3 of the Vaults)
 64732 | Elf:2    | Bought a jet-studded ring mail for 396 gold pieces
 64732 | Elf:2    | Identified the cursed +1 ring mail of the Pink Corner {rElec rF+} (You bought it in a shop on level 2 of the Elven Halls)
 65148 | Snake:2  | Bought the ring of Shaolin {EV+8} for 1408 gold pieces
 65815 | Vaults:4 | Bought a glowing cloak for 184 gold pieces
 65815 | Vaults:4 | Bought a runed cloak for 184 gold pieces
 66480 | Elf:3    | Entered Level 3 of the Elven Halls
 67202 | Elf:3    | Reached skill level 16 in Spellcasting
 67217 | Elf:3    | Identified the cursed +1 long sword "Ciopasm" {slice, rF+ Str+6} (You took it off a deep elf demonologist on level 3 of the Elven Halls)
 67240 | Elf:3    | Identified the cursed +0 mace "Kauwamm" {drain, +Fly Dex+4} (You took it off a deep elf demonologist on level 3 of the Elven Halls)
 67653 | Elf:3    | Identified the Compendium of Cloudy Enhancements
 67657 | Elf:3    | Learned a level 2 spell: Repel Missiles
 67677 | Elf:3    | Identified a +6 rod of inaccuracy (11/11)
 67773 | Elf:3    | Identified the cursed +0 scale mail of Sayffuib {rC+ rCorr}
 68301 | Depths:1 | Entered Level 1 of the Depths
 68360 | D:15     | Reached XP level 23. HP: 159/169 MP: 47/47
 68475 | Depths:1 | Found a one-way gate leading to the halls of Pandemonium.
 68739 | Depths:1 | Found a gateway to a ziggurat.
 69029 | Depths:1 | Found Vuseeckuph's Book Shop.
 69395 | Depths:1 | Found a gateway to Hell.
 69686 | Depths:2 | Noticed a juggernaut
 69696 | Depths:2 | Killed a juggernaut
 69848 | Depths:2 | Learned a level 1 spell: Apportation
 70448 | Depths:2 | Noticed the Enchantress
 70473 | Depths:2 | Killed the Enchantress
 70473 | Depths:2 | Identified the +5 faerie dragon armour {rC++ Dex+5 SInv} (You took it off the Enchantress on level 2 of the Depths)
 70520 | Depths:2 | Your ally Enchantress died
 70574 | Depths:2 | Identified the ring "Peturen" {rPois MP+9 AC+2 Dex+2 Slay-5}
 71226 | Depths:3 | Found a flickering gateway to a bazaar.
 71232 | Bazaar   | Entered a bazaar
 71241 | Bazaar   | Found Xuomag's Jewellery Boutique.
 71258 | Bazaar   | Found Faduwoewet's Antique Armour Emporium.
 71263 | Bazaar   | Bought a transparent ring mail for 216 gold pieces
 71263 | Bazaar   | Identified the +7 ring mail "Kakhiogasse" {*Drain rF+ MR- Str+9} (You bought it in a shop in a bazaar)
 71264 | Bazaar   | Bought a crude ring mail for 216 gold pieces
 71264 | Bazaar   | Identified the +1 ring mail of Defence {rPois Int+4} (You bought it in a shop in a bazaar)
 71277 | Bazaar   | Found Ovuisuph's Magic Scroll Boutique.
 71282 | Bazaar   | Bought a scroll of remove curse for 39 gold pieces
 71282 | Bazaar   | Bought a scroll of enchant armour for 97 gold pieces
 71282 | Bazaar   | Bought a scroll of fear for 45 gold pieces
 71282 | Bazaar   | Bought a scroll of blinking for 97 gold pieces
 71294 | Bazaar   | Found Baopruc's Antique Armour Shoppe.
 72049 | Depths:3 | Reached skill level 15 in Dodging
 72607 | Depths:4 | Reached XP level 24. HP: 123/178 MP: 44/47
 73524 | Depths:4 | Gained mutation: Your flesh is very heat resistant. [potion of beneficial mutation]
 73525 | Depths:4 | Gained mutation: You can translocate small distances at will. [potion of beneficial mutation]
 73733 | Depths:4 | Found a one-way gate to the infinite horrors of the Abyss.
 73973 | Depths:4 | Reached skill level 15 in Shields
 74559 | Depths:4 | Identified the +2 cloak "Lubbukli" {MR- Str+2 Dex+7 Slay-4}
 74570 | Depths:4 | Upgraded the game from 0.17-a0-1987-gaf5a542 to 0.17-a0-2002-g92c7e20
 74619 | Depths:5 | Entered Level 5 of the Depths
 74872 | Depths:5 | Identified the +4 robe of Lehoicve {rElec Dex+4 Stlth+}
 74994 | Depths:5 | Noticed Jory
 75003 | Depths:5 | Identified the +9 quarterstaff of Havoc {pain, rPois Str+3 Dex+4}
 75008 | Depths:5 | Killed Jory
 75009 | Depths:5 | Found Norum's Jewellery Shoppe.
 75016 | Depths:5 | Bought the macabre finger necklace {Ward rN+} for 264 gold pieces
 75171 | Depths:5 | Noticed a juggernaut
 75189 | Depths:5 | Killed a juggernaut
 75815 | Depths:5 | Found a gate to the Realm of Zot.
 76771 | Vaults:5 | Entered Level 5 of the Vaults
 77208 | Vaults:5 | Gained mutation: You frequently emit foul miasma when damaged in melee. [demonic ancestry]
 77208 | Vaults:5 | Reached XP level 25. HP: 185/185 MP: 44/48
 77386 | Vaults:5 | Got a silver rune of Zot
 77398 | Vaults:5 | Identified the cursed +0 buckler of Disaster {rF+ Dex+5}
 77422 | Vaults:5 | Reached skill level 17 in Necromancy
 77699 | Vaults:5 | Reached skill level 15 in Conjurations
 78010 | Vaults:5 | Noticed emiel's ghost (veteran OgWz)
 78415 | Vaults:5 | Learned a level 4 spell: Force Lance
 78553 | Vaults:5 | Identified a +4 rod of destruction (1/9) (You took it off an ogre mage on level 5 of the Vaults)
 78946 | Vaults:5 | Killed emiel's ghost
 79013 | Vaults:5 | Identified the +3 flail of Meokemn {crush, rF- rN+ Int+4 Dex+3}
 79085 | Vaults:5 | Found Ezaschiczu's Antique Armour Shoppe.
 80076 | Zot:1    | Entered Level 1 of the Realm of Zot
 80592 | Zot:1    | Reached skill level 5 in Translocations
 80761 | Zot:1    | Identified the +5 quarterstaff of Qazlal's Castigation {crush, rElec MR+ Str+3}
 81608 | Zot:2    | Reached XP level 26. HP: 188/193 MP: 48/48
 82716 | Zot:3    | Found a huge runed gate.
 82716 | Zot:3    | Found a huge runed gate.
 82716 | Zot:3    | Found a huge runed gate.
 82716 | Zot:3    | Found a huge runed gate.
 82716 | Zot:3    | Found a huge runed gate.
 82716 | Zot:3    | Found a huge runed gate.
 82717 | Zot:3    | Found a huge runed gate.
 82719 | Zot:3    | Found a huge runed gate.
 83206 | Zot:4    | Reached skill level 10 in Armour
 83340 | Zot:5    | Entered Level 5 of the Realm of Zot
 83367 | Zot:5    | Noticed Noname's ghost (legendary SpEE)
 83515 | Zot:5    | Killed Noname's ghost
 83553 | Zot:5    | Noticed an ancient lich
 83556 | Zot:5    | Noticed an ancient lich
 83749 | Zot:4    | Killed an ancient lich
 84007 | Zot:5    | Noticed an ancient lich
 84529 | Zot:5    | Noticed an ancient lich
 84541 | Zot:5    | Killed an ancient lich
 84603 | Zot:5    | Noticed an ancient lich
 84606 | Zot:5    | Noticed an ancient lich
 85360 | Zot:4    | Killed an ancient lich
 85360 | Zot:4    | Reached XP level 27. HP: 90/201 MP: 34/49
 86116 | Zot:5    | Noticed an ancient lich
 86145 | Zot:5    | Noticed an orb of fire
 86153 | Zot:5    | Paralysed by an ancient lich for 6 turns
 86154 | Zot:5    | Lost mutation: Your spells are much harder to cast, but much more powerful. [an orb of fire]
 86262 | Zot:5    | Gained mutation: You are dopey. (Int -2) [an orb of fire]
 86279 | Zot:5    | Killed an orb of fire
 86293 | Zot:5    | Killed an ancient lich
 86307 | Zot:5    | Killed an ancient lich
 86829 | Zot:5    | Killed an ancient lich
 87208 | Zot:5    | Noticed an orb of fire
 87236 | Zot:5    | Gained mutation: You are occasionally teleported to nearby monsters. [an orb of fire]
 87352 | Zot:5    | Noticed an ancient lich
 87368 | Zot:5    | Noticed an orb of fire
 87394 | Zot:5    | Killed an ancient lich
 87394 | Zot:5    | Lost mutation: Your spells are harder to cast, but more powerful. [an orb of fire]
 87399 | Zot:5    | Gained mutation: Scrolls take you a little longer to read. [an orb of fire]
 87399 | Zot:5    | Gained mutation: You are very dopey. (Int -4) [an orb of fire]
 87421 | Zot:5    | Gained mutation: Scrolls take you longer to read. [an orb of fire]
 87422 | Zot:5    | Gained mutation: You occasionally shout uncontrollably at your foes. [an orb of fire]
 87664 | Zot:5    | Gained mutation: Armour fits poorly on your strangely shaped body. [an orb of fire]
 87686 | Zot:5    | Gained mutation: You are weak. (Str -2) [an orb of fire]
 87701 | Zot:5    | Gained mutation: Scrolls take you much longer to read. [an orb of fire]
 87706 | Zot:5    | Noticed an orb of fire
 87712 | Zot:5    | Gained mutation: Your body sometimes deteriorates upon taking damage. [an orb of fire]
 87995 | Zot:5    | Noticed an orb of fire
 88000 | Zot:5    | Gained mutation: You are clumsy. (Dex -2) [an orb of fire]
 88001 | Zot:5    | Gained mutation: You expend magic power (3 MP) to strengthen your wands. [an orb of fire]
 88010 | Zot:5    | Got the Orb of Zot
 88023 | Zot:5    | Gained mutation: You are very clumsy. (Dex -4) [an orb of fire]
 88030 | Zot:5    | Gained mutation: You are very weak. (Str -4) [an orb of fire]
 88053 | Zot:5    | Gained mutation: Potions and wands are less effective at restoring your health. [an orb of fire]
 88054 | Zot:5    | Lost mutation: Your spells are a little harder to cast, but a little more powerful. [an orb of fire]
 88154 | Depths:5 | Noticed Ricavvosuqe the pandemonium lord
 88246 | Depths:4 | Noticed Urphot the pandemonium lord
 88505 | D:8      | Found a shimmering altar of Xom.
 88803 | D:$      | Escaped with the Orb!

Vault maps used:
D:1:      matt_arrival_diagonals
D:2:      lemuel_upstairs_altar, kennysheep_generic_room_2
D:3:      elyvilon_altar_5, st_stairs_8
D:4:      kennysheep_mini_moat, enter_ossuary_5, first_bread, uniq_edmund,
          uniq_crazy_yiuf_cottage
D:5:      grunt_dithmenos_shadows, lightli_temple_of_fire,
          minmay_temple_entry_fiery, hangedman_abyss_or_decor_slice,
          nicolae_underground_beach
D:6:      vehumet_crystals, nemelex_xobeh_ov_fountains_minmay
D:7:      nicolae_gozag_seed_capital, grunt_livestock, minmay_lizard_king
D:8:      okawaru_ov_weapons_minmay, yredelemnul_altar_generic,
          nicolae_overflow_hidden_temple, erik_lair_orcish_takeover,
          minmay_fountain_box
D:10:     david_orc_2, uniq_nergalle, uniq_urug
D:11:     serial_shops, nicolae_shop_crystal, minmay_brain_eaters, uniq_harold
D:12:     basic_altar
D:13:     nicolae_ru_the_path_less_chosen
D:14:     david_vaults_4, uniq_sonja
D:15:     hangedman_depths_entry_try_elsewhere_first, nrook_uturn,
          grunt_ministairs_2
Temple:   pf_slimified_temple
Lair:2:   serial_bayou_shore_a, serial_bayou_shore_b, grunt_megastairs_2,
          uniq_gastronok
Lair:3:   guppyfry_snake_entry_island, beast_lair_carwin_7
Lair:5:   dragon1_lemuel, minmay_swamp_entry_swarm, st_stairs_8, minivault_25,
          beast_lair_carwin_3, uniq_snorg
Lair:7:   uniq_maud
Lair:8:   minmay_lair_end_enchanted_forest, nicolae_slime_entry_slimehenge,
          st_stairs_9, eino_small_chamber_without_monster,
          grunt_forest_small_clearings
Swamp:1:  evilmike_swamp_ruin_rubble_1
Swamp:2:  evilmike_swamp_ruin_rubble_2, uniq_aizul
Swamp:3:  hangedman_swamp_lotus, uniq_kirke
Swamp:4:  swamp_vile
Snake:2:  serial_shops, nicolae_shop_trees, uniq_azrael, uniq_nikola
Snake:3:  serial_shops, nicolae_shop_temple_entry_statues_fountains
Snake:4:  grunt_snake_rune_pools, grunt_ministairs_6,
          nrook_guardian_serpent_ordinary, uniq_vashnia, uniq_roxanne
Orc:1:    basic_altar, nicolae_orc_bridge_out, uniq_erica
Orc:2:    minmay_orc_temple_c
Orc:3:    orc_temple, nicolae_orc_pool_cavern
Orc:4:    st_orc_elflike
Elf:1:    orc_legates
Elf:2:    serial_shops, shop, shop, shop, shop, st_stairs_11
Elf:3:    grunt_elf_hall_diamonds
Vaults:1: grunt_vaults_hallway_short, hangedman_vaults_stagger, v_misc_18,
          vaults_room_grunt_arrival_checkpoint, vaults_room_fours,
          grunt_vaults_hallway_short, grunt_vaults_funnel, vaults_room_hallway,
          vaults_mumra_lcd
Vaults:2: grunt_vaults_swirl, vaults_room_pools, hangedman_vaults_slice,
          v_rooms_1, hangedman_vaults_trim, ontoclasm_vaults_ring_large,
          vaults_dpeg_ring, v_alt_pattern_5, v_misc_3,
          minmay_crypt_entry_necro_gods, nicolae_vaults_meeting,
          ontoclasm_vaults_twist, vaults_room_pools, nicolae_vaults_gold_heap,
          ontoclasm_vaults_tryst, ontoclasm_vaults_fault, nicolae_vaults_theta,
          basic_altar
Vaults:3: sword_in_stone, vaults_dpeg_doors, hangedman_vaults_river_flow,
          v_misc_3, v_misc_15, v_misc_33, ontoclasm_vaults_ring_small,
          dpeg_vaults_monster_box, nicolae_vaults_border_crossing,
          nicolae_vaults_rhombus_6, nicolae_vaults_little_squares_6,
          serial_shops, nicolae_shop_crystal, uniq_saint_roka, uniq_asterion
Vaults:4: v_misc_32, vaults_standard_mumra_enter_the_diamond, vaults_mumra_hex,
          vaults_room_boxed, grunt_vaults_hallway_long,
          ontoclasm_vaults_gateway, nicolae_vaults_what_the_h,
          hangedman_vaults_corner_blocks, vaults_room_stairs_pillars,
          ontoclasm_vaults_loading_screen, vaults_dpeg_encased_lava, v_misc_27,
          vaults_room_pools, serial_shops, nicolae_shop_trees
Crypt:1:  lightli_enter_wizlab_magi_temple, grunt_crypt_arrival_webbed
Crypt:2:  corexii_leaking_fountain
Crypt:3:  evilmike_haunted_forest
Depths:1: enter_ziggurat_d, serial_shops, shop, pf_coc_iceberg, minmay_holes,
          rand_demon_pan_entry_3, st_stairs_12, wad_scary_box
Depths:2: minmay_four_inscribed_fans, grunt_hell_entry_dis_mu,
          serial_bayou_shore_b, uniq_enchantress
Depths:3: wad_arrow_thing, serial_shops, freezing_bzr,
          small_statue_intersection, grunt_pan_entry_sceptre,
          pf_dread_powers_of_hell, infiniplex_staircase_spiral
Depths:4: minmay_connected_boxes_in_corner, abyss_entry_crystal,
          hangedman_tar_grid_catacomb, st_stairs_14,
          infiniplex_staircase_pool_lava
Depths:5: grunt_zot_entry_funnels, hell_entry, minmay_misc_feat_five,
          serial_shops, nicolae_shop_crystal, hex_large, hangedman_decor_points,
          hangedman_elemental_death_ray, uniq_jory
Zot:1:    grunt_megastairs_3
Zot:2:    st_stairs_12
Zot:3:    door_vault
Zot:4:    hangedman_zot_vaults_quadrants, basic_stair_grate_trap
Zot:5:    grunt_ministairs_10
Bazaar:   bazaar_jpeg_circle_common
Ossuary:  minmay_ossuary_two_tombs
WizLab:   wizlab_cigotuvi

Action                   |  1- 3 |  4- 6 |  7- 9 | 10-12 | 13-15 | 16-18 | 19-21 | 22-24 | 25-27 || total
-------------------------+-------+-------+-------+-------+-------+-------+-------+-------+-------++-------
Melee: Short sword       |     8 |       |       |       |       |       |       |       |       ||     8
       Dagger            |    50 |   340 |   343 |   396 |   419 |       |       |       |       ||  1548
       Flail             |       |       |       |       |  1151 |  1271 |  2049 |  1916 |  1989 ||  8376
 Cast: Flame Tongue      |    45 |    76 |   174 |   105 |   194 |   152 |    17 |    20 |     2 ||   785
       Throw Flame       |       |    11 |    33 |     4 |     7 |       |       |       |       ||    55
       Sticky Flame      |       |       |    15 |    40 |   182 |    66 |    25 |    33 |    54 ||   415
       Conjure Flame     |       |       |     6 |     4 |     1 |       |       |       |       ||    11
       Animate Skeleton  |       |       |       |    20 |    48 |    20 |    30 |    37 |    28 ||   183
       Animate Dead      |       |       |       |    37 |   120 |   104 |    89 |    82 |    62 ||   494
       Vampiric Draining |       |       |       |     3 |    69 |    64 |    27 |    52 |    20 ||   235
       Shroud of Golubri |       |       |       |       |    32 |    36 |    21 |    28 |    32 ||   149
       Iskenderun's Myst |       |       |       |       |    12 |    42 |    15 |       |    44 ||   113
       Fireball          |       |       |       |       |    44 |   121 |    31 |    62 |    25 ||   283
       Regeneration      |       |       |       |       |     4 |    11 |    15 |    12 |    30 ||    72
       Bolt of Draining  |       |       |       |       |       |    31 |    34 |    41 |    56 ||   162
       Control Undead    |       |       |       |       |       |    17 |    28 |    24 |    17 ||    86
       Repel Missiles    |       |       |       |       |       |       |       |     1 |     4 ||     5
       Force Lance       |       |       |       |       |       |       |       |       |    54 ||    54
       Apportation       |       |       |       |       |       |       |       |       |     4 ||     4
Invok: Transfer Knowledg |       |       |       |       |     1 |       |       |       |       ||     1
       Scrying           |       |       |       |       |       |       |       |       |     1 ||     1
 Abil: Blink             |       |       |       |       |       |       |       |     1 |     1 ||     2
Evoke: Wand              |       |       |       |     4 |    11 |     8 |     1 |     8 |     5 ||    37
       Lamp of fire      |       |       |       |       |     1 |     2 |       |       |     1 ||     4
       Phial of floods   |       |       |       |       |     1 |     2 |       |       |       ||     3
       Phantom mirror    |       |       |       |       |       |       |       |       |     2 ||     2
  Use: Potion            |     1 |     6 |     3 |     2 |     2 |     6 |     6 |     5 |    11 ||    42
       Scroll            |       |    15 |    11 |     4 |    22 |    15 |     7 |    13 |     8 ||    95
 Stab: Sleeping          |     4 |     5 |    22 |    52 |    76 |    27 |   110 |    63 |    17 ||   376
       Distracted        |       |       |     2 |     6 |    17 |    14 |    25 |    43 |    49 ||   156
       Confused          |       |       |       |       |       |       |     1 |       |       ||     1
       Fleeing           |       |       |       |       |       |       |     1 |       |       ||     1
  Eat: Chunk             |     3 |     4 |    19 |    23 |    67 |    42 |    43 |    46 |    38 ||   285
       Meat ration       |       |     1 |       |       |       |     3 |     1 |       |     1 ||     6
       Beef jerky        |       |       |     3 |     1 |     1 |     2 |     1 |     1 |     3 ||    12
       Fruit             |       |       |       |       |    10 |       |     1 |       |     5 ||    16
       Pizza             |       |       |       |       |     1 |     5 |     1 |       |     1 ||     8
       Royal jelly       |       |       |       |       |       |     4 |       |       |     1 ||     5
       Bread ration      |       |       |       |       |       |     1 |     1 |     3 |       ||     5
